cohdb
Replays
Latest Replays
All Replays
Popular Replays
Top Player Replays
Match Explorer
How It Works
Community
CoH3 Stats
Reddit
Sign in to upload your games and track your stats! →
Sign in with Steam
Match 46531042
Unlisted
Match 46531042
Overview
Messages
Build Orders
End
Panzergrenadier Squad
Kradschützen Motorcycle Team
Panzergrenadier Squad
Construct Light Support Kompanie
MG34 Team
Fire Support Elements
Flakvierling Half-track
Panzerjäger Mechanized Group
Vehicle Survival Package
Panzerpioneer Squad
2.5-tonne Medical Truck
Construct Panzerarmee Kommand
Panzerjäger Mechanized Group
Panzer III L Medium Tank
Selects Armored Support Battlegroup
Selects Veteran Gunners
Selects Flammpanzer III Medium Tank
Selects Salvage Kits
Selects Panzer Storm
Emergency Repair Kits
Rapid Advance
Panzer III L Medium Tank
Panzergrenadier Squad
Tungsten Core Ammunition
Walking Stuka Rocket Launcher
Armored Reserves
Selects Stuka Anti-tank Loiter
Advanced Optics
Stuka Anti-tank Loiter
Sad Pepe
RebelWarrior
0
0
Comments
sign in to comment!
No comments posted yet!